 Dungeon Crawl Stone Soup version 0.21.1 (webtiles) character file.

75270 pk666 the Severer (level 15, 0/147 HPs)
             Began as a Minotaur Berserker on Feb 2, 2018.
             Was a High Priest of Trog.
             Slain by a hippogriff (2 damage)
             ... on level 2 of the Shoals on Feb 3, 2018.
             The game lasted 01:22:04 (26536 turns).

pk666 the Severer (Minotaur Berserker)             Turns: 26536, Time: 01:22:05

Health: 0/147      AC: 27    Str: 33    XL:     15   Next: 9%
Magic:  14/14      EV: 13    Int:  4    God:    Trog [*****.]
Gold:   2370       SH:  0    Dex: 18    Spells: 14/14 levels left

rFire    + . .     SeeInvis .   q - +10 battleaxe of Wuul {chop, rPois Str+4 Dex+6}
rCold    . . .     Gourm    .   (shield currently unavailable)
rNeg     . . .     Faith    .   X - +1 plate armour {rF+}
rPois    +         Spirit   .   (helmet restricted)
rElec    .         Reflect  .   y - +1 cloak
rCorr    .         Harm     .   L - +2 pair of gloves {Dex+3}
MR       +....                  (no boots)
Stlth    ..........             (no amulet)
HPRegen  0.34/turn              I - ring of stealth
MPRegen  0.14/turn              Q - +2 ring of protection

@: engulfed (cannot breathe)
A: retaliatory headbutt, horns 2
a: Berserk, Trog's Hand, Brothers in Arms, Burn Spellbooks, Renounce Religion


You were on level 2 of the Shoals.
You worshipped Trog.
Trog was extremely pleased with you.
You were not hungry.

You visited 5 branches of the dungeon, and saw 23 of its levels.
You also visited: Volcano.

You collected 2524 gold pieces.
You spent 154 gold pieces at shops.

Inventory:

Hand Weapons
 q - the +10 battleaxe of Wuul (weapon) {chop, rPois Str+4 Dex+6}
   (Trog gifted it to you on level 6 of the Lair of Beasts)

   It inflicts extra damage upon your enemies.
   It affects your strength (+4).
   It affects your dexterity (+6).
   It protects you from poison.
Armour
 y - a +1 cloak (worn)
 L - a +2 pair of gloves of dexterity (worn)
 X - a +1 plate armour of fire resistance (worn)
Jewellery
 I - a ring of stealth (left hand)
 Q - a +2 ring of protection (right hand)
Wands
 a - a wand of enslavement (7)
 j - a wand of acid (8)
 F - a wand of flame (36)
 H - a wand of iceblast (6)
 J - a wand of random effects (29)
 P - a wand of paralysis (18)
 U - a wand of polymorph (13)
Scrolls
 d - 4 scrolls of enchant armour
 e - 3 scrolls of fear
 f - 2 scrolls of enchant weapon
 k - 10 scrolls of teleportation
 n - 3 scrolls of fog
 o - 6 scrolls of identify
 p - 4 scrolls of magic mapping
 r - 2 scrolls of blinking
 w - 9 scrolls of remove curse
Potions
 b - 3 potions of agility {unknown}
 g - 6 potions of lignification
 h - 3 potions of flight
 l - 4 potions of heal wounds
 m - 6 potions of brilliance
 s - a potion of haste {unknown}
 t - 2 potions of cancellation
 v - a potion of ambrosia {unknown}
 B - 4 potions of curing
 G - 3 potions of resistance
 K - 2 potions of mutation
 M - 2 potions of might
 N - a potion of berserk rage {unknown}
 R - a potion of magic {unknown}
 T - 2 potions of invisibility
Miscellaneous
 Z - a lightning rod (4/4)
Comestibles
 c - 40 rations


   Skills:
 + Level 17.4 Fighting
 + Level 17.5 Axes
 + Level 17.3 Armour
 + Level 6.9 Dodging


You had 14 spell levels left.
You didn't know any spells.

Dungeon Overview and Level Annotations

Branches:
Dungeon (12/15)            Temple (1/1) D:7            Lair (6/6) D:8
 Shoals (2/4) Lair:2       Spider (0/4) Lair:2        Slime (0/5) Lair:5
    Orc (2/2) D:9             Elf (0/3) Orc:2

Altars:
Ashenzari
Cheibriados
Dithmenos
Elyvilon
Fedhas
Gozag
Hepliaklqana
Kikubaaqudgha
Makhleb
Nemelex Xobeh
Okawaru
Qazlal
Ru
Sif Muna
Trog
Uskayaw
Vehumet
Wu Jian
Xom
Yredelemnul
Zin
The Shining One
Jiyva

Shops:
D:11 *   Orc:2 }?*(

Annotations:
D:12 Erolcha


Innate Abilities, Weirdness & Mutations

You reflexively headbutt those who attack you in melee.
You have a pair of horns on your head.


Message History

Gang up on whom?
Press: ? - help, Dir - move target cursor, f - merfolk
Aim: a merfolk, wielding a trident Attack!
* * * LOW HITPOINT WARNING * * *
Your lungs strain for air!
Your troll is engulfed in a cloud of scalding steam.
Your troll bites the water elemental!!
Your troll claws the water elemental!
Your troll closely misses the water elemental.
The water elemental is engulfed in a cloud of scalding steam.
The water elemental closely misses you.
The water elemental is engulfed in a cloud of scalding steam.
The water elemental hits you!
* * * LOW HITPOINT WARNING * * *
The merfolk hits you from afar with a trident!
* * * LOW HITPOINT WARNING * * *
The hippogriff is engulfed in a cloud of scalding steam.
The hippogriff bites you but does no damage.
The hippogriff pecks you.
You die...

≈≈≈≈...≈≈≈≈≈≈≈≈
≈≈≈≈≈≈≈≈≈≈.≈≈≈≈≈≈≈≈≈≈≈≈≈
≈≈≈≈≈≈≈≈≈≈≈≈.)≈≈≈≈≈≈≈≈≈≈
≈≈≈≈≈≈≈≈≈≈≈≈≈<≈≈≈≈≈≈≈≈≈≈
≈≈≈≈≈≈≈≈≈≈≈≈≈≈≈≈≈≈≈≈≈≈≈≈
≈≈≈≈≈≈≈≈≈≈....≈≈≈≈≈≈≈≈≈≈
≈≈≈≈≈≈≈≈≈..[...≈≈≈≈≈≈≈≈≈
≈≈≈≈≈.≈)T......≈≈≈≈≈≈≈≈≈
≈≈≈≈.mH@E)≈.....≈≈≈≈≈≈≈≈
≈≈≈..§.(E≈≈......≈≈≈≈≈≈≈
≈.≈..##.§<.....≈...≈≈≈≈≈
≈...#..§§.≈≈≈≈≈≈≈≈≈≈≈≈≈≈
≈.. #.§§§.≈≈≈≈≈≈≈§≈≈≈≈≈≈
≈. #.....≈≈≈≈≈≈≈≈≈≈≈....
≈ ##...≈≈≈≈≈≈≈≈≈≈......
≈≈≈≈≈≈≈≈≈≈≈♣♣♣..../..
≈≈≈≈≈≈≈≈≈≈♣♣ ...##≈≈≈


You could see a merfolk, a hippogriff, 2 water elementals and a friendly troll
(berserk).

Vanquished Creatures
  An orc warlord (Orc:2)
  Snorg (Orc:1)
  4 hydras (Lair:6)
  Harold (Lair:1)
  Fannar (Lair:1)
  An alligator snapping turtle (Shoals:2)
  A merfolk aquamancer (Shoals:1)
  A catoblepas (Lair:6)
  5 skeletal warriors (D:10)
  A sea snake (Shoals:1)
  An orange crystal statue (D:10)
  5 orc knights
  4 harpies (Shoals:2)
  An oklob plant (Lair:1)
  2 fauns (Shoals:1)
  2 manticores
  A merfolk siren (Shoals:1)
  12 elephants
  A black mamba (Lair:4)
  A water nymph (Shoals:1)
  Psyche (D:9)
  3 gargoyles
  A centaur skeleton (D:11)
  A torpor snail (Lair:6)
  15 spiny frogs
  A rime drake (Lair:6)
  10 komodo dragons
  The ghost of p0werm0de the Covert, a novice OpEn of Ashenzari (D:7)
  5 trolls
  A queen bee (Lair:3)
  2 merfolk
  3 hornets (Lair:6)
  Prince Ribbit (D:5)
  2 wind drakes
  5 polar bears (Lair:6)
  23 blink frogs
  4 snapping turtles (Shoals:1)
  3 dream sheep (Lair:6)
  12 hippogriffs
  12 spriggans (Lair:6)
  Sigmund (D:5)
  A shadow (D:11)
  A wyvern (Lair:4)
  5 water elementals
  A redback (Lair:2)
  A wraith (D:11)
  21 yaks
  A hungry ghost (D:7)
  3 fire bats (Volcano)
  Menkaure (D:6)
  A basilisk (Lair:6)
  Edmund (D:5)
  17 soldier ants
  3 wargs
  2 hell hounds (Lair:5)
  28 water moccasins
  6 porcupines
  2 hornet zombies
  3 sky beasts
  A phantom (D:9)
  An eye of draining (D:7)
  43 orc warriors
  2 ice beasts
  5 black bears
  5 boggarts (Lair:6)
  6 ogres
  19 wolves
  13 centaurs
  10 crocodiles
  A big kobold (D:10)
  A gnoll sergeant (D:9)
  10 bullfrogs
  2 scorpions
  29 killer bees
  2 jellies (D:9)
  9 wights
  An electric eel (D:11)
  A howler monkey (D:5)
  6 lava snakes (Volcano)
  3 centaur zombies
  23 orc wizards
  12 orc priests
  4 hounds
  3 iguanas
  19 worker ants
  3 mummies (D:10)
  A howler monkey zombie (D:11)
  9 gnolls
  24 adders
  2 shadow imps
  12 white imps (Lair:3)
  An adder skeleton (D:7)
  2 worms
  2 dart slugs
  7 leopard geckos
  78 orcs
  2 giant cockroaches
  8 goblins
  6 hobgoblins
  10 jackals
  2 quokkas
  A ball python (D:1)
  10 bats
  3 frilled lizards
  A giant cockroach zombie (D:6)
  6 kobolds
  2 leopard gecko skeletons (D:4)
  6 rats
  3 fungi
  8 plants
692 creatures vanquished.

Vanquished Creatures (collateral kills)
  A fire dragon (Volcano)
  The ghost of Monsterracer the Thaumaturge, a journeyman GnWz of Uskayaw (Lair:3)
  2 hydras
  A merfolk aquamancer (Shoals:2)
  A two-headed ogre (D:8)
  A queen ant (Lair:3)
  A lindwurm (Volcano)
  A molten gargoyle (Volcano)
  A merfolk (Shoals:2)
  A hippogriff (Lair:3)
  6 fire bats (Volcano)
  2 steam dragons (Volcano)
  3 soldier ants (Lair:3)
  A worker ant (Lair:3)
23 creatures vanquished.

Vanquished Creatures (others)
  A blink frog (Lair:1)
  A sky beast (D:11)
  A human (D:10)
  A bush (Lair:6)
  12 fungi
  9 plants
25 creatures vanquished.

Grand Total: 740 creatures vanquished

Notes
Turn   | Place    | Note
-------+----------+-------------------------------------------
     0 | D:1      | pk666 the Minotaur Berserker began the quest for the Orb.
     0 | D:1      | Reached XP level 1. HP: 19/19 MP: 0/0
   109 | D:1      | You fall through a shaft!
   117 | D:2      | Reached XP level 2. HP: 22/27 MP: 1/1
   440 | D:1      | Reached ** piety under Trog
   535 | D:1      | Reached XP level 3. HP: 33/33 MP: 2/2
  1232 | D:2      | Reached XP level 4. HP: 33/41 MP: 3/3
  1882 | D:3      | Found a deep blue altar of Sif Muna.
  1964 | D:3      | Reached *** piety under Trog
  2310 | D:4      | Reached skill level 5 in Axes
  2312 | D:4      | Noticed an ogre
  2313 | D:4      | Reached XP level 5. HP: 47/47 MP: 4/4
  2316 | D:4      | Reached skill level 5 in Fighting
  2317 | D:4      | Killed an ogre
  2404 | D:4      | Reached XP level 6. HP: 29/56 MP: 5/5
  2676 | D:4      | Reached skill level 5 in Armour
  2941 | D:5      | Entered Level 5 of the Dungeon
  3271 | D:5      | Found a stormy altar of Qazlal.
  3271 | D:5      | Found an ancient bone altar of Kikubaaqudgha.
  3371 | D:5      | Noticed Sigmund
  3401 | D:5      | Killed Sigmund
  3401 | D:5      | Reached XP level 7. HP: 28/64 MP: 6/6
  3711 | D:5      | Noticed Edmund
  3716 | D:5      | Killed Edmund
  3785 | D:5      | Found a snail-covered altar of Cheibriados.
  3786 | D:5      | Found a basalt altar of Yredelemnul.
  3868 | D:5      | Noticed Prince Ribbit
  3883 | D:5      | Killed Prince Ribbit
  3883 | D:5      | Reached **** piety under Trog
  3883 | D:5      | Reached XP level 8. HP: 41/73 MP: 7/7
  4100 | D:6      | Noticed Menkaure
  4112 | D:6      | Killed Menkaure
  4593 | D:6      | Found a deep blue altar of Sif Muna.
  4754 | D:7      | Paralysed by fainting for 12 turns
  5031 | D:7      | Reached XP level 9. HP: 82/82 MP: 8/8
  5069 | D:7      | Noticed p0werm0de's ghost (novice OpEn)
  5079 | D:7      | Killed p0werm0de's ghost
  5356 | D:7      | Found a glowing silver altar of Zin.
  5356 | D:7      | Found a radiant altar of Vehumet.
  5413 | D:7      | Found a staircase to the Ecumenical Temple.
  5450 | Temple   | Entered the Ecumenical Temple
  5693 | D:8      | Noticed a two-headed ogre
  5711 | D:8      | Killed a two-headed ogre
  5711 | D:8      | Reached skill level 10 in Fighting
  5711 | D:8      | Reached skill level 10 in Axes
  5789 | D:8      | Found a staircase to the Lair.
  6397 | D:8      | Reached skill level 10 in Armour
  6685 | D:9      | Reached XP level 10. HP: 88/94 MP: 9/9
  6797 | D:9      | Found a staircase to the Orcish Mines.
  7059 | D:9      | Noticed Psyche
  7070 | D:9      | Killed Psyche
  7179 | D:10     | Entered Level 10 of the Dungeon
  7211 | D:10     | Noticed an orange crystal statue
  7241 | D:10     | Killed an orange crystal statue
  7461 | D:10     | Noticed a gargoyle
  7470 | D:10     | Killed a gargoyle
  7819 | D:10     | Noticed a skeletal warrior
  7819 | D:10     | Noticed a skeletal warrior
  7820 | D:10     | Noticed a skeletal warrior
  7848 | D:10     | Killed a skeletal warrior
  7857 | D:10     | Killed a skeletal warrior
  7860 | D:10     | Killed a skeletal warrior
  7860 | D:10     | Reached XP level 11. HP: 46/104 MP: 10/10
  8136 | D:10     | Found an ancient bone altar of Kikubaaqudgha.
  8166 | D:10     | Noticed a skeletal warrior
  8169 | D:10     | Noticed a skeletal warrior
  8195 | D:10     | Killed a skeletal warrior
  8198 | D:10     | Killed a skeletal warrior
  8997 | D:11     | Found Voampump's Assorted Antiques.
  9763 | D:11     | Reached ***** piety under Trog
 10568 | D:12     | Noticed Erolcha
 10987 | Lair:1   | Entered Level 1 of the Lair of Beasts
 11951 | Lair:1   | Reached XP level 12. HP: 106/115 MP: 11/11
 11976 | Lair:1   | Received a gift from Trog
 12363 | Lair:1   | Noticed Harold
 12382 | Lair:1   | Killed Harold
 12808 | Lair:1   | Noticed Fannar
 12819 | Lair:1   | Killed Fannar
 13465 | Lair:2   | Noticed a four-headed hydra
 13471 | Lair:2   | Killed a four-headed hydra
 14083 | Lair:2   | Found a staircase to the Shoals.
 14139 | Lair:2   | Found a hole to the Spider Nest.
 14969 | Lair:3   | Noticed Monsterracer's ghost (journeyman GnWz)
 15098 | Lair:3   | Reached skill level 15 in Axes
 15181 | Lair:3   | Reached skill level 15 in Fighting
 15181 | Lair:3   | Reached XP level 13. HP: 87/126 MP: 12/12
 15330 | Lair:2   | Reached skill level 15 in Armour
 15702 | Lair:3   | Received a gift from Trog
 15731 | Lair:3   | Killed Monsterracer's ghost
 18231 | Lair:5   | Found a staircase to the Slime Pits.
 18231 | Lair:5   | Found a viscous altar of Jiyva.
 18298 | Lair:5   | Found a dark tunnel.
 18310 | Volcano  | Entered a volcano
 19042 | Volcano  | Found a bloodstained altar of Trog.
 19125 | Volcano  | Noticed a fire dragon
 19131 | Volcano  | Killed a fire dragon
 19592 | Lair:6   | Entered Level 6 of the Lair of Beasts
 20331 | Lair:6   | Reached XP level 14. HP: 138/138 MP: 13/13
 20466 | Lair:6   | Received a gift from Trog
 20497 | Lair:6   | Got a faintly glowing battleaxe {god gift}
 20504 | Lair:6   | Identified the +10 battleaxe of Wuul {chop, rPois Str+4 Dex+6} (Trog gifted it to you on level 6 of the Lair of Beasts)
 21843 | Orc:1    | Entered Level 1 of the Orcish Mines
 22071 | Orc:1    | Received a gift from Trog
 22347 | Orc:2    | Entered Level 2 of the Orcish Mines
 22577 | Orc:2    | Reached skill level 5 in Dodging
 23105 | Orc:2    | Found a staircase to the Elven Halls.
 23139 | Orc:2    | Noticed an orc warlord
 23327 | Orc:2    | Noticed Snorg
 23336 | Orc:1    | Killed Snorg
 23781 | Orc:1    | Received a gift from Trog
 23835 | Orc:2    | Killed an orc warlord
 24772 | Orc:2    | Found Puste's General Store.
 24772 | Orc:2    | Found Depipus's Magic Scroll Boutique.
 24774 | Orc:2    | Found Yjuuqoul's Gadget Shop.
 24776 | Orc:2    | Found Xotzyis's Weapon Shoppe.
 24785 | Orc:2    | Bought a potion of curing for 33 gold pieces
 24785 | Orc:2    | Bought a potion of mutation for 88 gold pieces
 24785 | Orc:2    | Bought a potion of curing for 33 gold pieces
 25189 | Shoals:1 | Entered Level 1 of the Shoals
 26023 | Shoals:2 | Reached XP level 15. HP: 144/147 MP: 14/14
 26536 | Shoals:2 | HP: 2/147 [merfolk/trident (8)]
 26536 | Shoals:2 | Slain by a hippogriff

Skill      XL: |  1  2  3  4  5  6  7  8  9 10 11 12 13 14 |
---------------+-------------------------------------------+-----
Fighting       | 4 5 6 7 8 10 12 13 15 16 17 | 17.4
Axes           | 4 5 6 7 8 10 12 13 15 16 17 | 17.5
Armour         | 3 4 5 6 8 10 11 13 14 16 17 | 17.3
Dodging        | 6 |  6.9

Action                   |  1- 3 |  4- 6 |  7- 9 | 10-12 | 13-15 || total
-------------------------+-------+-------+-------+-------+-------++-------
Melee: Hand axe          |   103 |   160 |     5 |       |       ||   268
       Headbutt          |    12 |    30 |    45 |   177 |   207 ||   471
       War axe           |       |       |   251 |   698 |   332 ||  1281
       Battleaxe         |       |       |       |       |   512 ||   512
Invok: Berserk           |       |     1 |     4 |     5 |     2 ||    12
       Brothers in Arms  |       |       |     1 |     2 |     6 ||     9
       Burn Spellbooks   |       |       |       |       |     2 ||     2
  Use: Potion            |       |       |       |       |     5 ||     5
       Scroll            |       |       |       |       |    23 ||    23
 Stab: Distracted        |       |       |       |       |     1 ||     1
  Eat: Chunk             |     1 |     8 |    12 |    27 |    30 ||    78
       Ration            |       |       |     2 |     2 |     3 ||     7
Armor: Scale mail        |    58 |    38 |       |       |       ||    96
       Chain mail        |       |     5 |   146 |   337 |   170 ||   658
       Plate armour      |       |       |       |       |   491 ||   491
Dodge: Dodged            |    35 |    27 |    36 |   108 |   495 ||   701
Block: Large shield      |    38 |    75 |   133 |   435 |   211 ||   892
